 Dungeon Crawl Stone Soup version 0.29-a0-823-gc37b1572da (webtiles) character file.

Game seed: 6664164091978327818

97 zeratav the Stinger (level 4, -15/27 HPs)
             Began as an Octopode Venom Mage on July 8, 2022.
             Demolished by Menkaure (24 damage)
             ... on level 4 of the Dungeon.
             The game lasted 00:04:04 (4010 turns).

zeratav the Stinger (Octopode Venom Mage)           Turns: 4010, Time: 00:04:04

Health: -15/27     AC:  1    Str:  7    XL:     4   Next: 68%
Magic:  7/7        EV: 13    Int: 19    God:
Gold:   187        SH:  0    Dex: 12    Spells: 4/7 levels left

rFire   + . .      SeeInvis .   o - +3 short sword {short}
rCold   . . .      Faith    .   (no shield)
rNeg    . . .      Spirit   .   (helmet restricted)
rPois   .          Reflect  .   (no amulet)
rElec   .          Harm     .   c - ring of protection from fire
rCorr   .          Rampage  .   (no ring)
Will    .....                   (no ring)
Stlth   ++++......              (no ring)
HPRegen 0.09/turn               (no ring)
MPRegen 0.10/turn               (no ring)
                                (no ring)
                                (no ring)

@: no status effects
A: almost no armour, amphibious, 8 rings, camouflage 1, gelatinous body 1,
(nimble swimmer 1), tentacles
a: no special abilities


You were on level 4 of the Dungeon.
You visited 1 branch of the dungeon, and saw 4 of its levels.

You collected 187 gold pieces.


Innate Abilities, Weirdness & Mutations

You cannot wear most types of armour.
You are amphibious.
You can wear up to eight rings at the same time.
Your skin changes colour to match your surroundings (Stealth+).
Your rubbery body absorbs attacks. (AC +1, EV +1)
((You are camouflaged when in or above water. (Stealth+)))
You have tentacles for arms and can constrict up to eight enemies at once.


   Skills:
 - Level 2.0 Dodging
 - Level 5.0 Stealth
 - Level 2.0 Spellcasting
 - Level 1.0 Transmutations
 + Level 5.3 Poison Magic


You had 4 spell levels left.
You knew the following spells:

 Your Spells              Type           Power      Damage    Failure   Level
a - Sting                 Tmut/Pois      52%        1d5       4%          1
b - Poisonous Vapours     Pois/Air       22%        N/A       9%          2

Your spell library contained the following spells:

 Spells                   Type           Power      Damage    Failure   Level
 Olgreb's Toxic Radiance  Pois           22%        N/A       19%         4
 Mephitic Cloud           Conj/Pois/Air  8%         N/A       24%         3

Inventory:

Hand Weapons
 o - a +3 short sword (weapon) {short}
   (You found it on level 2 of the Dungeon)
Jewellery
 c - a ring of protection from fire (left tentacle)
   (You found it on level 1 of the Dungeon)
Scrolls
 d - a scroll of amnesia {unknown}
 g - a scroll of blinking {unknown}
 i - 2 scrolls of torment {unknown}
 j - 2 scrolls of identify {unknown}
 k - a scroll of enchant armour {unknown}
 l - a scroll of acquirement {unknown}
 n - a scroll of poison {unknown}
Potions
 a - a potion of magic
 b - a potion of mutation {unknown}
 e - 3 potions of flight {unknown}
 f - 3 potions of haste {unknown}
 h - 2 potions of resistance {unknown}
 m - a potion of curing {unknown}

Dungeon Overview and Level Annotations

Branches:
Dungeon (4/15) Zot: 19925
 Temple: D:4-7

Altars:
Uskayaw

Annotations:
D:3 exclusion: downstairs
D:4 Menkaure, Pikel

#####M##...#
#......#(..#
#...M..#...#
#......#...#
######'###>..#
#..#...>##.(.######
#.................#
#.................#
#.............@M.<#
##......##........#
##......##...##...#
#.......##...##...#
#.......#.....#...#
##......#.....#...#
#.......#.....#<..#
#.....####5########
#######


You could see a lemure and Menkaure.


Message History

You climb downwards.
Level annotation: Menkaure
There is a stone staircase leading up here.
Casting: Poisonous Vapours (safe; 9% risk of failure)
Confirm with . or Enter, or press ? or * to list all spells.
Aiming: Poisonous Vapours (safe; 9% risk of failure)
Press: ? - help, Dir - move target, f - lemure
Aim: a lemure (asleep)
Okay, then.
The lemure shouts! x2; Pikel shouts!
You climb upwards.
There is a stone staircase leading down here.
Why would you want to do that? Why would you want to do that?
Why would you want to do that? Why would you want to do that?
Why would you want to do that? Why would you want to do that?
You see here 8 stones {throwing}.
You open the door.
There is an open door here.
(D) Dungeon
Where to? (Enter - D:3 @ (x,y), ? - help)
Okay, then.
There is a stone staircase leading down here.
You climb downwards.
Level annotation: Menkaure, Pikel
There is a stone staircase leading up here.
You barely miss the endoplasm. The endoplasm freezes you.
You are frozen.
Menkaure calls on the powers of darkness!
Your body is wracked with pain!
* * * LOW HITPOINT WARNING * * *
The endoplasm convulses!
HP[-14]
You take 14 damage, and now have 13/27 hp.
MASSIVE DAMAGE!! (PAUSE)
You hit the endoplasm.
The endoplasm hits you but does no damage.
You hit the endoplasm but do no damage. Your squeeze misses the endoplasm.
The endoplasm barely misses you. The endoplasm freezes you.
You are frozen.
* * * LOW HITPOINT WARNING * * *
HP[-4]
You take 4 damage, and now have 9/27 hp.
Unknown command.
You hit the endoplasm.
You kill the endoplasm!
Menkaure calls on the powers of darkness!
Your body is wracked with pain!
* * * LOW HITPOINT WARNING * * *
HP[-3]
You take 3 damage, and now have 6/27 hp.
Menkaure grins.
Menkaure casts a spell.
Menkaure seems to speed up.
HP[+1]
There is a stone staircase leading up here.
Menkaure gestures at you while chanting.
Pain shoots through your body!
* * * LOW HITPOINT WARNING * * *
You climb upwards.
Level annotation: exclusion: downstairs
There is a stone staircase leading down here.
HP[-4]
You take 4 damage, and now have 3/27 hp.
You start resting.
HP[+24]
Your hp is fully restored (27).
There is an open door here.
There is a stone staircase leading down here.
You climb downwards.
Level annotation: Menkaure, Pikel Menkaure calls on the powers of darkness!
Your body is wracked with pain!
There is a stone staircase leading up here.
Things that are here:
a +0 hand axe {axe}; an amulet of faith {!P} HP[-12]
You take 12 damage, and now have 15/27 hp.
MASSIVE DAMAGE!! (PAUSE)
You hit Menkaure. You grab Menkaure.
You constrict Menkaure, but do no damage.
You hit Menkaure. You constrict Menkaure. Menkaure misses you.
You hit Menkaure.
You constrict Menkaure, but do no damage.
Menkaure calls on the powers of darkness!
Your body is wracked with pain!
* * * LOW HITPOINT WARNING * * *
HP[-6]
You take 6 damage, and now have 9/27 hp.
MASSIVE DAMAGE!! (PAUSE)
You hit Menkaure. You constrict Menkaure. Menkaure misses you.
You hit Menkaure but do no damage. You squeeze Menkaure, but do no damage.
You constrict Menkaure, but do no damage.
Menkaure hits you!!
Ouch! That really hurt!
You die...

Skill      XL: |  1  2  3  4 |
---------------+-------------+-----
Stealth        | 3 4 5 |  5.0
Poison Magic   | 4 5 |  5.3
Dodging        | |  2.0
Spellcasting   | |  2.0
Transmutations | |  1.0

Action                   |  1- 3 |  4- 6 || total
-------------------------+-------+-------++-------
Melee: Hand axe          |   186 |    19 ||   205
       Constrict         |    19 |    10 ||    29
       Tentacles         |    62 |     5 ||    67
       Punch             |     1 |       ||     1
       Short sword       |       |    19 ||    19
 Cast: Sting             |    15 |       ||    15
       Poisonous Vapours |     1 |     1 ||     2
 Stab: Distracted        |     1 |       ||     1
       Sleeping          |    12 |     3 ||    15
Armor: Skin              |     2 |     5 ||     7
Dodge: Dodged            |    39 |    24 ||    63

Levels and vault maps discovered:
D:1:      psy_arrival_statuary, layout_rooms, serial_forest,
          infiniplex_forest_clump_double, infiniplex_forest_clump_double,
          infiniplex_forest_lined_3, infiniplex_forest_end_1,
          infiniplex_forest_zigzag_1, infiniplex_forest_clump_diagonal,
          infiniplex_forest_clump_small, infiniplex_forest_clump_long,
          infiniplex_forest_lined_4_way, infiniplex_forest_lined_3,
          chequers_ecumenical_altar_simple
D:2:      layout_loops_ring
D:3:      layout_basic, mainiacjoe_overflow_brackets, minivault_26
D:4:      layout_gridville, uniq_crazy_yiuf_cottage, uniq_pikel, uniq_menkaure,
          uniq_eustachio, uniq_natasha

Notes
Turn   | Place    | Note
-------+----------+-------------------------------------------
     0 | D:1      | zeratav the Octopode Venom Mage began the quest for the
                  | Orb.
     0 | D:1      | Reached XP level 1. HP: 11/11 MP: 3/3
     0 | D:1      | magus.rc [v1.9.6]
   121 | D:1      | Found a faded altar of an unknown god.
   128 | D:1      | Reached skill level 3 in Stealth
   354 | D:1      | Reached XP level 2. HP: 17/17 MP: 5/5
   356 | D:1      | Reached skill level 4 in Poison Magic
   872 | D:1      | Learned a level 2 spell: Poisonous Vapours
  1019 | D:1      | Reached XP level 3. HP: 21/21 MP: 6/6
  1344 | D:1      | Reached skill level 4 in Stealth
  1762 | D:2      | Identified the +1 helmet "Rosua" {Harm rC+}
  2539 | D:3      | Reached XP level 4. HP: 17/27 MP: 7/7
  2916 | D:3      | Reached skill level 5 in Poison Magic
  2993 | D:3      | Found a hide-covered altar of Uskayaw.
  3300 | D:4      | Reached skill level 5 in Stealth
  3336 | D:4      | Noticed Menkaure
  3611 | D:4      | Noticed Pikel
  3611 | D:4      | Noticed a lemure
  3611 | D:4      | Noticed a lemure
  3611 | D:4      | Noticed a lemure
  3680 | D:4      | HP: 6/27 [??? (3)]
  3687 | D:4      | HP: 3/27 [Menkaure/nerve-wracking pain (4)]
  4010 | D:4      | Demolished by Menkaure

Vanquished Creatures
  3 adders
  An ufetubus (D:4)
  A worm (D:3)
  3 dart slugs
  2 orcs (D:3)
  4 ball pythons (D:2)
  4 bats
  6 endoplasms
  3 giant cockroaches
  4 goblins
  7 hobgoblins
  3 jackals (D:4)
  5 frilled lizards
  2 kobolds
  3 rats
  A bush (D:1)
52 creatures vanquished.

Vanquished Creatures (others)
  2 plants (D:1)
2 creatures vanquished.

Grand Total: 54 creatures vanquished

Table legend:
 A = Non-vault XP
 B = Vault XP
 C = Vault XP percentage of total XP
 D = Non-vault monster count
 E = Vault monster count
 F = Vault count percentage of total count
                 A         B        C        D         E       F
            +---------+---------+-------+---------+---------+-------
      Total |     139 |       0 |   0.0 |      51 |       0 |   0.0
            +---------+---------+-------+---------+---------+-------
        D:1 |      42 |       0 |   0.0 |      22 |       0 |   0.0
        D:2 |      32 |       0 |   0.0 |      12 |       0 |   0.0
        D:3 |      36 |       0 |   0.0 |      11 |       0 |   0.0
        D:4 |      29 |       0 |   0.0 |       6 |       0 |   0.0
            +---------+---------+-------+---------+---------+-------

Illustrated notes

Table legend:
 A = Kills in this place as a percentage of kills in entire the game.
 B = Kills by you in this place as a percentage of kills by you in the entire game.
 C = Kills by friends in this place as a percentage of kills by friends in the entire game.
 D = Other kills in this place as a percentage of other kills in the entire game.
 E = Experience gained in this place as a percentage of experience gained in the entire game.
 F = Experience gained in this place divided by the number of levels of this place that you have seen.
                   A       B       C       D       E      F
               +-------+-------+-------+-------+-------+----------------------
         Total | 100.0 | 100.0 |   N/A |   N/A | 100.0 |  34.8
       Dungeon | 100.0 | 100.0 |   N/A |   N/A | 100.0 |  34.8
               +-------+-------+-------+-------+-------+----------------------

Table legend: (Time is in decaauts)
 A = Elapsed time spent in this place.
 B = Non-inter-level travel time spent in this place.
 C = Inter-level travel time spent in this place.
 D = Time resting spent in this place.
 E = Time spent auto-exploring this place.
 F = Levels seen in this place.
 G = Mean time per level.
                   A        B        C        D        E       F      G
               +--------+--------+--------+--------+--------+-----+--------+
         Total |   4073 |   3807 |    266 |    620 |   2585 |   4 | 1018.2 |
       Dungeon |   4073 |   3807 |    266 |    620 |   2585 |   4 | 1018.2 |
               +--------+--------+--------+--------+--------+-----+--------+

Top non-repeatable levels by time:
     D:1: 1590 daAuts
     D:3: 1548 daAuts
     D:2: 768 daAuts
     D:4: 166 daAuts
